 Dungeon Crawl Stone Soup version 0.22-a0-161-g198051c (webtiles) character file.

7750 Gorice the Fighter (level 11, -2/95 HPs)
             Began as a Gnoll Wanderer on Feb 11, 2018.
             Slain by a blink frog (8 damage)
             ... on level 1 of the Lair of Beasts.
             The game lasted 00:37:57 (12847 turns).

Gorice the Fighter (Gnoll Wanderer)                Turns: 12847, Time: 00:37:59

Health: -2/95      AC: 13    Str: 18    XL:     11   Next: 20%
Magic:  0/19       EV:  8    Int: 14    God:
Gold:   580        SH:  0    Dex: 18    Spells: 21/21 levels left

rFire    . . .     SeeInvis +   L - +0 lajatang
rCold    . . .     Gourm    .   (shield currently unavailable)
rNeg     . . .     Faith    .   F - +0 plate armour
rPois    .         Spirit   +   (no helmet)
rElec    .         Reflect  .   (no cloak)
rCorr    .         Harm     .   B - +0 pair of gloves
MR       .....                  (no boots)
Stlth    ..........             p - amulet of guardian spirit
HPRegen  0.25/turn              i - ring of see invisible
MPRegen  0.16/turn              u - +3 ring of dexterity

@: about to teleport
A: distributed training, fangs 1, strong nose
a: no special abilities


You were on level 1 of the Lair of Beasts.
You were not hungry.

You visited 2 branches of the dungeon, and saw 9 of its levels.

You collected 580 gold pieces.

Inventory:

Hand Weapons
 a - a +0 rapier of venom
   (You found it on level 4 of the Dungeon)
 b - a +0 blowgun
 d - a +0 dagger
 g - a +0 scimitar
 r - a +2 spear
 z - a +2 short sword of freezing
   (You took it off Duvessa on level 6 of the Dungeon)
 E - the +4 Vampire's Tooth {vamp}
   (You found it on level 6 of the Dungeon)

   It inflicts no extra harm, but heals its wielder when it wounds a living foe.
 I - a +1 hunting sling of freezing
   (You found it on level 8 of the Dungeon)
 J - a +0 battleaxe
 L - a +0 lajatang (weapon)
Missiles
 e - 75 poisoned needles
 m - 86 sling bullets
 o - 11 tomahawks (quivered)
 C - a tomahawk of dispersal
 Y - 224 stones
Armour
 j - a +1 scale mail
 v - a +0 chain mail
 B - a +0 pair of gloves (worn)
 F - a +0 plate armour (worn)
Jewellery
 i - a ring of see invisible (left hand)
 p - an amulet of guardian spirit (around neck)
 u - a +3 ring of dexterity (right hand)
Wands
 N - a wand of iceblast (5)
Scrolls
 l - 2 scrolls of enchant armour
 n - 7 scrolls of remove curse
 s - 2 scrolls of identify
 A - a scroll of fog
 M - a scroll of silence {unknown}
 O - 3 scrolls of random uselessness {unknown}
Potions
 c - a potion of resistance {!q}
 h - a potion of haste {!q}
 k - a potion of curing
 q - 4 potions of flight
 t - a potion of ambrosia
 x - 2 potions of cancellation {!q}
 G - a potion of brilliance {!q}
 K - a potion of might {!q}
Books
 y - a book of Minor Magic
 D - a book of Frost
Comestibles
 f - 13 rations


   Skills:
 + Level 11.7 Fighting
 + Level 5.9 Short Blades
 + Level 5.9 Long Blades
 + Level 5.9 Axes
 + Level 5.9 Maces & Flails
 + Level 6.5 Polearms
 + Level 5.9 Staves
 + Level 5.9 Slings
 + Level 5.9 Bows
 + Level 5.9 Crossbows
 + Level 5.9 Throwing
 + Level 5.9 Armour
 + Level 5.9 Dodging
 + Level 7.3 Stealth
 + Level 7.6 Shields
 + Level 5.9 Unarmed Combat
 + Level 5.9 Spellcasting
 + Level 4.9 Conjurations
 + Level 4.9 Hexes
 + Level 4.9 Charms
 + Level 4.9 Summonings
 + Level 4.9 Necromancy
 + Level 4.9 Translocations
 + Level 4.9 Transmutations
 + Level 4.9 Fire Magic
 + Level 4.9 Ice Magic
 + Level 4.9 Air Magic
 + Level 4.9 Earth Magic
 + Level 4.9 Poison Magic
 + Level 6.5 Invocations
 + Level 5.9 Evocations


You had 21 spell levels left.
You didn't know any spells.

Dungeon Overview and Level Annotations

Branches:
Dungeon (8/15)             Temple (0/1) D:5            Lair (1/6) D:8

Altars:
Dithmenos
Fedhas
Kikubaaqudgha
Qazlal
Ru
Vehumet
Xom

Shops:
D:4 [   D:8 ?

Annotations:
D:3 2 transporters


Innate Abilities, Weirdness & Mutations

Your experience applies equally to all skills.
You have very sharp teeth.
Your uncanny sense of smell can sniff out nearby items.


Message History

You hit the blink frog.
The blink frog is lightly wounded.
The blink frog hits you.
* * * LOW HITPOINT WARNING * * *
The blink frog barely misses you. The blink frog hits you.
* * * LOW HITPOINT WARNING * * *
The blink frog hits you.
* * * LOW HITPOINT WARNING * * *
Damage: 10 (max 13)
You miss the blink frog. You bite the blink frog.
The blink frog is lightly wounded.
The blink frog barely misses you.
The blink frog blinks!
The blink frog barely misses you.
The blink frog blinks!
The blink frog barely misses you.
Your plate armour prevents you from hitting the blink frog.
The blink frog is lightly wounded.
The blink frog hits you!
* * * LOW HITPOINT WARNING * * *
The blink frog blinks!
The blink frog barely misses you.
Damage: 8 (max 13)
You hit the blink frog.
The blink frog is moderately wounded.
The blink frog closely misses you. The blink frog hits you!
* * * LOW HITPOINT WARNING * * *
Damage: 8 (max 13) Unknown command.
Unknown command.
You slash the blink frog!
The blink frog is severely wounded.
The blink frog barely misses you.
The blink frog blinks! x2
Unknown command.
Unknown command.
Unknown command.
Really read
w - a scroll of teleportation {!r}?
As you read the scroll of teleportation {!r}, it crumbles to dust.
You feel strangely unstable.
The blink frog blinks!
The blink frog hits you.
* * * LOW HITPOINT WARNING * * *
Damage: 5 (max 13) Unknown command.
Unknown command.
The blink frog hits you.
* * * LOW HITPOINT WARNING * * *
The blink frog blinks!
The blink frog hits you but does no damage.
Damage: 4 (max 13) Unknown command.
You feel better. The blink frog hits you.
* * * LOW HITPOINT WARNING * * *
The blink frog hits you!
You die...

###P+.## #####....... .......# ∆
...# #....... .......+ ?..#
##...... .......# ...# #......
.......# [..# #...... .......#
...# ##..... #..#.### ..$ #......
#.##.# #+#.# #...... .....# #@F#
##..... .....# ##F§# ### #.....
.....# ####..+####.#####.....
.....#######..F..................
....+......#..........##...P#....
.....#####.#.........'..##.......
.....# #...+........#...#.#..#.#
.....# ###..........##..#.#...#.
.....# #...........##.+.#...#.


You could see 3 blink frogs.

Vanquished Creatures
  A hydra (Lair:1)
  A two-headed ogre (D:8)
  The ghost of Raptoricus the Slasher, a novice DsBe of Trog (D:8)
  An ugly thing (D:7)
  The ghost of ThereIsNoGod the Thaumaturge, a novice SpVM of Gozag (D:7)
  4 blink frogs
  A spriggan (D:7)
  A yak (D:8)
  2 hungry ghosts
  A basilisk (Lair:1)
  A water moccasin (D:5)
  A porcupine (D:8)
  Duvessa (D:6)
  3 black bears (D:8)
  A hornet zombie (D:5)
  2 orc warriors
  A necrophage (D:7)
  An eye of draining (D:8)
  2 ice beasts
  5 ogres
  A centaur (D:8)
  2 phantoms
  3 crocodiles (D:8)
  2 big kobolds
  Blork the orc (D:6)
  7 bullfrogs
  Dowan (D:6)
  2 vampire bats (D:6)
  A centaur zombie (D:5)
  A bullfrog zombie (D:7)
  A quasit (D:7)
  A hound (D:5)
  2 jellies
  2 orc priests
  A crimson imp (D:7)
  2 bullfrog skeletons
  A centaur skeleton (D:5)
  3 orc wizards
  4 iguanas
  8 worker ants
  2 hound skeletons
  2 worker ant zombies
  3 gnolls
  A howler monkey skeleton (D:5)
  7 adders
  4 shadow imps
  An adder zombie (D:5)
  4 worms
  A dart slug (D:1)
  4 leopard geckos
  20 orcs
  4 giant cockroaches
  7 goblins
  A hobgoblin (D:1)
  14 jackals
  18 kobolds
  5 quokkas
  A ball python (D:4)
  A ball python zombie (D:5)
  13 bats
  3 frilled lizards
  A jackal zombie (D:5)
  A leopard gecko zombie (D:5)
  3 quokka zombies
  11 rats
210 creatures vanquished.

Vanquished Creatures (others)
  31 fungi (D:8)
  7 plants (D:8)
38 creatures vanquished.

Grand Total: 248 creatures vanquished

Notes
Turn   | Place    | Note
-------+----------+-------------------------------------------
     0 | D:1      | Reached skill level 10 in Fighting
     0 | D:1      | Gorice the Gnoll Wanderer began the quest for the Orb.
     0 | D:1      | Gorice set off with: a +2 spear, 2 potions of lignification {!q}, a +0 robe, a +0 dagger, a ration
     0 | D:1      | Reached XP level 1. HP: 28/28 MP: 1/1
   226 | D:1      | Reached XP level 2. HP: 36/36 MP: 2/2
   426 | D:1      | Reached XP level 3. HP: 35/42 MP: 3/3
   929 | D:2      | Reached skill level 1 in Invocations
  1073 | D:2      | Found a shadowy altar of Dithmenos.
  1093 | D:2      | Reached skill level 1 in Short Blades
  1093 | D:2      | Reached skill level 1 in Long Blades
  1093 | D:2      | Reached skill level 1 in Axes
  1093 | D:2      | Reached skill level 1 in Maces & Flails
  1093 | D:2      | Reached skill level 1 in Staves
  1093 | D:2      | Reached skill level 1 in Slings
  1093 | D:2      | Reached skill level 1 in Bows
  1093 | D:2      | Reached skill level 1 in Crossbows
  1093 | D:2      | Reached skill level 1 in Throwing
  1093 | D:2      | Reached skill level 1 in Armour
  1093 | D:2      | Reached skill level 1 in Dodging
  1093 | D:2      | Reached skill level 1 in Unarmed Combat
  1093 | D:2      | Reached skill level 1 in Spellcasting
  1093 | D:2      | Reached skill level 1 in Evocations
  1427 | D:2      | Reached XP level 4. HP: 48/48 MP: 5/5
  1743 | D:3      | HP: 9/48 [iguana (6)]
  2018 | D:3      | Reached skill level 1 in Conjurations
  2018 | D:3      | Reached skill level 1 in Hexes
  2018 | D:3      | Reached skill level 1 in Charms
  2018 | D:3      | Reached skill level 1 in Summonings
  2018 | D:3      | Reached skill level 1 in Necromancy
  2018 | D:3      | Reached skill level 1 in Translocations
  2018 | D:3      | Reached skill level 1 in Transmutations
  2018 | D:3      | Reached skill level 1 in Fire Magic
  2018 | D:3      | Reached skill level 1 in Ice Magic
  2018 | D:3      | Reached skill level 1 in Air Magic
  2018 | D:3      | Reached skill level 1 in Earth Magic
  2018 | D:3      | Reached skill level 1 in Poison Magic
  2335 | D:3      | Found a transporter.
  2352 | D:3      | Found a transporter.
  2449 | D:4      | Found Xucuac's Antique Armour Shoppe.
  2470 | D:4      | Reached XP level 5. HP: 53/54 MP: 5/7
  2518 | D:4      | Reached skill level 3 in Polearms
  2710 | D:4      | Noticed an ogre
  2733 | D:4      | Killed an ogre
  2733 | D:4      | Reached skill level 2 in Invocations
  2733 | D:4      | Reached XP level 6. HP: 27/61 MP: 1/8
  3032 | D:4      | Found a sacrificial altar of Ru.
  3144 | D:4      | Reached skill level 2 in Short Blades
  3144 | D:4      | Reached skill level 2 in Long Blades
  3144 | D:4      | Reached skill level 2 in Axes
  3144 | D:4      | Reached skill level 2 in Maces & Flails
  3144 | D:4      | Reached skill level 2 in Staves
  3144 | D:4      | Reached skill level 2 in Slings
  3144 | D:4      | Reached skill level 2 in Bows
  3144 | D:4      | Reached skill level 2 in Crossbows
  3144 | D:4      | Reached skill level 2 in Throwing
  3144 | D:4      | Reached skill level 2 in Armour
  3144 | D:4      | Reached skill level 2 in Dodging
  3144 | D:4      | Reached skill level 5 in Shields
  3144 | D:4      | Reached skill level 2 in Unarmed Combat
  3144 | D:4      | Reached skill level 2 in Spellcasting
  3144 | D:4      | Reached skill level 2 in Evocations
  3469 | D:4      | Reached XP level 7. HP: 65/67 MP: 8/10
  3785 | D:5      | Entered Level 5 of the Dungeon
  3822 | D:4      | HP: 25/100 [orc warrior/scimitar (6)]
  3826 | D:4      | Reached skill level 2 in Conjurations
  3826 | D:4      | Reached skill level 2 in Hexes
  3826 | D:4      | Reached skill level 2 in Charms
  3826 | D:4      | Reached skill level 2 in Summonings
  3826 | D:4      | Reached skill level 2 in Necromancy
  3826 | D:4      | Reached skill level 2 in Translocations
  3826 | D:4      | Reached skill level 2 in Transmutations
  3826 | D:4      | Reached skill level 2 in Fire Magic
  3826 | D:4      | Reached skill level 2 in Ice Magic
  3826 | D:4      | Reached skill level 2 in Air Magic
  3826 | D:4      | Reached skill level 2 in Earth Magic
  3826 | D:4      | Reached skill level 2 in Poison Magic
  4217 | D:5      | Noticed an air elemental
  4219 | D:5      | Found a stormy altar of Qazlal.
  4220 | D:5      | Noticed a fire elemental
  4220 | D:5      | Noticed a water elemental
  4276 | D:5      | Reached skill level 5 in Stealth
  4321 | D:5      | Reached skill level 3 in Invocations
  4405 | D:5      | Found a staircase to the Ecumenical Temple.
  4456 | D:5      | Reached XP level 8. HP: 45/74 MP: 6/12
  4652 | D:5      | Reached skill level 3 in Short Blades
  4652 | D:5      | Reached skill level 3 in Long Blades
  4652 | D:5      | Reached skill level 3 in Axes
  4652 | D:5      | Reached skill level 3 in Maces & Flails
  4652 | D:5      | Reached skill level 4 in Polearms
  4652 | D:5      | Reached skill level 3 in Staves
  4652 | D:5      | Reached skill level 3 in Slings
  4652 | D:5      | Reached skill level 3 in Bows
  4652 | D:5      | Reached skill level 3 in Crossbows
  4652 | D:5      | Reached skill level 3 in Throwing
  4652 | D:5      | Reached skill level 3 in Armour
  4652 | D:5      | Reached skill level 3 in Dodging
  4652 | D:5      | Reached skill level 3 in Unarmed Combat
  4652 | D:5      | Reached skill level 3 in Spellcasting
  4652 | D:5      | Reached skill level 3 in Evocations
  4833 | D:5      | HP: 16/74 [hornet zombie (8)]
  4839 | D:5      | HP: 9/74 [hornet zombie (2)]
  4841 | D:5      | HP: 1/74 [hornet zombie (8)]
  5915 | D:6      | Found the +4 Vampire's Tooth {vamp}
  5974 | D:6      | Noticed Blork the orc
  5993 | D:6      | Killed Blork the orc
  5993 | D:6      | Reached skill level 4 in Invocations
  6253 | D:6      | Noticed Duvessa
  6253 | D:6      | Noticed Dowan
  6280 | D:6      | HP: 22/74 [Duvessa/short sword of freezing (5)]
  6287 | D:6      | HP: 12/74 [Duvessa/short sword of freezing (2)]
  6289 | D:6      | Killed Duvessa
  6289 | D:6      | Reached skill level 11 in Fighting
  6289 | D:6      | Reached skill level 6 in Shields
  6289 | D:6      | Reached skill level 3 in Conjurations
  6289 | D:6      | Reached skill level 3 in Hexes
  6289 | D:6      | Reached skill level 3 in Charms
  6289 | D:6      | Reached skill level 3 in Summonings
  6289 | D:6      | Reached skill level 3 in Necromancy
  6289 | D:6      | Reached skill level 3 in Translocations
  6289 | D:6      | Reached skill level 3 in Transmutations
  6289 | D:6      | Reached skill level 3 in Fire Magic
  6289 | D:6      | Reached skill level 3 in Ice Magic
  6289 | D:6      | Reached skill level 3 in Air Magic
  6289 | D:6      | Reached skill level 3 in Earth Magic
  6289 | D:6      | Reached skill level 3 in Poison Magic
  6289 | D:6      | Reached XP level 9. HP: 12/81 MP: 4/14
  6293 | D:6      | HP: 6/81 [Dowan/shard of ice (7)]
  6299 | D:6      | Killed Dowan
  6924 | D:6      | Found a glowing silver altar of Zin.
  6926 | D:6      | Found a bloodstained altar of Trog.
  6926 | D:6      | Found a glowing golden altar of the Shining One.
  6928 | D:6      | Found a hazy altar of Hepliaklqana.
  6928 | D:6      | Found a radiant altar of Vehumet.
  6928 | D:6      | Found a shimmering altar of Xom.
  7382 | D:7      | Noticed ThereIsNoGod's ghost (novice SpVM)
  7805 | D:6      | You fall through a shaft!
  7818 | D:7      | Noticed a purple ugly thing
  7832 | D:7      | HP: 12/78 [purple ugly thing (15)]
  7850 | D:7      | Killed a purple ugly thing
  7850 | D:7      | Reached skill level 4 in Short Blades
  7850 | D:7      | Reached skill level 4 in Long Blades
  7850 | D:7      | Reached skill level 4 in Axes
  7850 | D:7      | Reached skill level 4 in Maces & Flails
  7850 | D:7      | Reached skill level 5 in Polearms
  7850 | D:7      | Reached skill level 4 in Staves
  7850 | D:7      | Reached skill level 4 in Slings
  7850 | D:7      | Reached skill level 4 in Bows
  7850 | D:7      | Reached skill level 4 in Crossbows
  7850 | D:7      | Reached skill level 4 in Throwing
  7850 | D:7      | Reached skill level 4 in Armour
  7850 | D:7      | Reached skill level 4 in Dodging
  7850 | D:7      | Reached skill level 6 in Stealth
  7850 | D:7      | Reached skill level 4 in Unarmed Combat
  7850 | D:7      | Reached skill level 4 in Spellcasting
  7850 | D:7      | Reached skill level 4 in Evocations
  7855 | D:6      | HP: 13/78 [hungry ghost (1)]
  7860 | D:6      | HP: 13/78 [hungry ghost (1)]
  8661 | D:7      | Reached skill level 5 in Invocations
  8679 | D:7      | Killed ThereIsNoGod's ghost
  8694 | D:7      | HP: 23/78 [poisoned by ThereIsNoGod's ghost (toxic radiance)]
  8699 | D:7      | HP: 21/78 [poisoned by ThereIsNoGod's ghost (toxic radiance)]
  8704 | D:7      | HP: 21/78 [poisoned by ThereIsNoGod's ghost (toxic radiance)]
  8711 | D:7      | HP: 20/78 [poisoned by ThereIsNoGod's ghost (toxic radiance)]
  8719 | D:7      | HP: 20/78 [poisoned by ThereIsNoGod's ghost (toxic radiance)]
  9143 | D:7      | Reached XP level 10. HP: 82/85 MP: 15/17
  9502 | D:8      | Noticed Raptoricus's ghost (novice DsBe)
  9612 | D:8      | HP: 21/85 [Raptoricus's ghost (10)]
  9919 | D:8      | Found Sualuq's Magic Scroll Emporium.
  9942 | D:8      | HP: 20/85 [orc warrior/battleaxe (13)]
  9945 | D:8      | Reached skill level 4 in Conjurations
  9945 | D:8      | Reached skill level 4 in Hexes
  9945 | D:8      | Reached skill level 4 in Charms
  9945 | D:8      | Reached skill level 4 in Summonings
  9945 | D:8      | Reached skill level 4 in Necromancy
  9945 | D:8      | Reached skill level 4 in Translocations
  9945 | D:8      | Reached skill level 4 in Transmutations
  9945 | D:8      | Reached skill level 4 in Fire Magic
  9945 | D:8      | Reached skill level 4 in Ice Magic
  9945 | D:8      | Reached skill level 4 in Air Magic
  9945 | D:8      | Reached skill level 4 in Earth Magic
  9945 | D:8      | Reached skill level 4 in Poison Magic
  9948 | D:8      | HP: 14/85 [orc priest/nerve-wracking pain (5)]
  9952 | D:8      | HP: 5/85 [orc priest/nerve-wracking pain (10)]
 10364 | D:8      | Noticed a two-headed ogre
 10407 | D:8      | Killed a two-headed ogre
 10407 | D:8      | Reached skill level 5 in Short Blades
 10407 | D:8      | Reached skill level 5 in Long Blades
 10407 | D:8      | Reached skill level 5 in Axes
 10407 | D:8      | Reached skill level 5 in Maces & Flails
 10407 | D:8      | Reached skill level 5 in Staves
 10407 | D:8      | Reached skill level 5 in Slings
 10407 | D:8      | Reached skill level 5 in Bows
 10407 | D:8      | Reached skill level 5 in Crossbows
 10407 | D:8      | Reached skill level 5 in Throwing
 10407 | D:8      | Reached skill level 5 in Armour
 10407 | D:8      | Reached skill level 5 in Dodging
 10407 | D:8      | Reached skill level 5 in Unarmed Combat
 10407 | D:8      | Reached skill level 5 in Spellcasting
 10407 | D:8      | Reached skill level 5 in Evocations
 10415 | D:8      | Reached skill level 7 in Shields
 10858 | D:8      | Killed Raptoricus's ghost
 10858 | D:8      | Reached skill level 6 in Polearms
 11015 | D:8      | Found a blossoming altar of Fedhas.
 11015 | D:8      | Found a radiant altar of Vehumet.
 11020 | D:8      | Found a faded altar of an unknown god.
 11022 | D:8      | Found a faded altar of an unknown god.
 11023 | D:8      | Found an ancient bone altar of Kikubaaqudgha.
 11128 | D:8      | Reached skill level 6 in Invocations
 11346 | D:8      | Found a staircase to the Lair.
 11489 | D:8      | Reached skill level 7 in Stealth
 11655 | Lair:1   | Entered Level 1 of the Lair of Beasts
 11658 | Lair:1   | Noticed a five-headed hydra
 11680 | Lair:1   | Killed a five-headed hydra
 11680 | Lair:1   | Reached XP level 11. HP: 68/92 MP: 10/19
 11859 | Lair:1   | HP: 24/92 [blink frog (6)]
 11864 | Lair:1   | HP: 9/92 [blink frog (7)]
 11940 | D:8      | HP: 25/92 [crocodile (3)]
 12842 | Lair:1   | HP: 20/92 [blink frog (8)]
 12845 | Lair:1   | HP: 8/92 [blink frog (5)]
 12847 | Lair:1   | Slain by a blink frog

Vault maps used:
D:1:      dpeg_arrival_stonehenge_12_columns
D:2:      old_standard_altar
D:3:      gammafunk_steamed_eel
D:4:      old_standard_altar, first_ration, serial_shops, shop
D:5:      nicolae_qazlal_style_of_elements, minmay_temple_entry_grid,
          serial_undead, serial_undead_b, serial_undead_c, serial_undead_d,
          serial_undead_d, serial_undead_b, serial_undead_b,
          hangedman_decor_push
D:6:      doesnt_xom_only_xom, minmay_guarded_unrand_vampires_tooth,
          uniq_duvessa, uniq_blork_the_orc
D:7:      corexii_hall_statues_x, the_bakery
D:8:      chequers_temple_overflow_minitemple, due_lair_maze_entry_diamond,
          serial_shops, nicolae_shop_temple_entry_statues_fountains
Lair:1:   beast_lair_carwin_8, serial_bayou_shore_a

Skill      XL: |  1  2  3  4  5  6  7  8  9 10 |
---------------+-------------------------------+-----
Fighting       | 11 | 11.7
Invocations    | 1 2 3 4 5 6 |  6.5
Short Blades   | 1 2 3 4 5 |  5.9
Long Blades    | 1 2 3 4 5 |  5.9
Axes           | 1 2 3 4 5 |  5.9
Maces & Flails | 1 2 3 4 5 |  5.9
Staves         | 1 2 3 4 5 |  5.9
Slings         | 1 2 3 4 5 |  5.9
Bows           | 1 2 3 4 5 |  5.9
Crossbows      | 1 2 3 4 5 |  5.9
Throwing       | 1 2 3 4 5 |  5.9
Armour         | 1 2 3 4 5 |  5.9
Dodging        | 1 2 3 4 5 |  5.9
Unarmed Combat | 1 2 3 4 5 |  5.9
Spellcasting   | 1 2 3 4 5 |  5.9
Evocations     | 1 2 3 4 5 |  5.9
Conjurations   | 1 2 3 4 |  4.9
Hexes          | 1 2 3 4 |  4.9
Charms         | 1 2 3 4 |  4.9
Summonings     | 1 2 3 4 |  4.9
Necromancy     | 1 2 3 4 |  4.9
Translocations | 1 2 3 4 |  4.9
Transmutations | 1 2 3 4 |  4.9
Fire Magic     | 1 2 3 4 |  4.9
Ice Magic      | 1 2 3 4 |  4.9
Air Magic      | 1 2 3 4 |  4.9
Earth Magic    | 1 2 3 4 |  4.9
Poison Magic   | 1 2 3 4 |  4.9
Polearms       | 3 4 5 6 |  6.5
Shields        | 5 6 7 |  7.6
Stealth        | 5 6 7 |  7.3

Action                   |  1- 3 |  4- 6 |  7- 9 | 10-12 || total
-------------------------+-------+-------+-------+-------++-------
Melee: Spear             |   119 |   151 |   356 |       ||   626
       Bite              |     9 |    19 |    78 |    48 ||   154
       Punch             |     1 |     1 |    10 |     2 ||    14
       Rapier            |       |       |   134 |   101 ||   235
       Short sword       |       |       |    37 |    51 ||    88
       Lajatang          |       |       |       |   129 ||   129
 Fire: Blowgun           |       |    13 |    17 |       ||    30
Throw: Tomahawk          |     2 |    12 |     6 |    26 ||    46
       Stone             |       |     1 |       |       ||     1
  Use: Scroll            |     3 |     8 |     6 |     3 ||    20
       Potion            |       |     1 |     3 |     3 ||     7
 Stab: Sleeping          |     3 |       |       |       ||     3
  Eat: Chunk             |     2 |     6 |    17 |    10 ||    35
       Ration            |       |       |     1 |     1 ||     2
Armor: Scale mail        |    53 |     7 |       |       ||    60
       Robe              |     3 |       |       |       ||     3
       Chain mail        |       |    40 |   177 |       ||   217
       Skin              |       |       |     3 |    34 ||    37
       Plate armour      |       |       |    52 |   102 ||   154
Dodge: Dodged            |    50 |    48 |   175 |    97 ||   370

Table legend:
 A = Spawn XP
 B = Non-spawn XP
 C = Spawn XP percentage of total XP
 D = Spawn monster count
 E = Non-spawn monster count
 F = Spawn count percentage of total count
 G = Total turns spent on level
                    A         B        C        D         E        F      G
               +---------+---------+-------+---------+---------+-------+---------
         Total |       0 |   11072 |   0.0 |       0 |     210 |   0.0 | 12847
               +---------+---------+-------+---------+---------+-------+---------
           D:1 |       0 |      40 |   0.0 |       0 |      25 |   0.0 |   735
           D:2 |       0 |      46 |   0.0 |       0 |      14 |   0.0 |   913
           D:3 |       0 |     101 |   0.0 |       0 |      17 |   0.0 |   861
           D:4 |       0 |     738 |   0.0 |       0 |      24 |   0.0 |  1610
           D:5 |       0 |     918 |   0.0 |       0 |      32 |   0.0 |  1554
           D:6 |       0 |     859 |   0.0 |       0 |      23 |   0.0 |  2229
           D:7 |       0 |    2087 |   0.0 |       0 |      31 |   0.0 |  1857
           D:8 |       0 |    4140 |   0.0 |       0 |      37 |   0.0 |  2481
        Lair:1 |       0 |    2143 |   0.0 |       0 |       7 |   0.0 |   607
               +---------+---------+-------+---------+---------+-------+---------

Table legend:
 A = Turns spent in this place as a percentage of turns spent in the entire game.
 B = Non-inter-level travel turns spent in this place as a percentage of non-inter-level travel turns spent in the entire game.
 C = Inter-level travel turns spent in this place as a percentage of turns spent in this place.
 D = Turns resting spent in this place as a percentage of non-inter-level travel turns spent in this place.
 E = Turns spent auto-exploring this place as a percentage of non-inter-level travel turns spent in this place.
 F = Non-inter-level travel turns spent in this place divided by the number of levels of this place that you've seen.
                   A       B       C       D       E      F
               +-------+-------+-------+-------+-------+----------------------
         Total | 100.0 | 100.0 |   3.4 |  40.5 |  30.6 | 1378.9
       Dungeon |  95.3 |  95.1 |   3.6 |  39.8 |  31.7 | 1475.4
          Lair |   4.7 |   4.9 |   0.0 |  55.0 |  10.2 | 607.0
               +-------+-------+-------+-------+-------+----------------------

Vault maps used:
D:1:      dpeg_arrival_stonehenge_12_columns
D:2:      old_standard_altar
D:3:      gammafunk_steamed_eel
D:4:      old_standard_altar, first_ration, serial_shops, shop
D:5:      nicolae_qazlal_style_of_elements, minmay_temple_entry_grid,
          serial_undead, serial_undead_b, serial_undead_c, serial_undead_d,
          serial_undead_d, serial_undead_b, serial_undead_b,
          hangedman_decor_push
D:6:      doesnt_xom_only_xom, minmay_guarded_unrand_vampires_tooth,
          uniq_duvessa, uniq_blork_the_orc
D:7:      corexii_hall_statues_x, the_bakery
D:8:      chequers_temple_overflow_minitemple, due_lair_maze_entry_diamond,
          serial_shops, nicolae_shop_temple_entry_statues_fountains
Lair:1:   beast_lair_carwin_8, serial_bayou_shore_a
